 Dungeon Crawl Stone Soup version 0.21.0-8-gf18e19db4a (webtiles) character file.

1004 cyrilmardrake the Purveyor of Pain (level 8, -2/54 HPs)
             Began as a Demonspawn Necromancer on Jan 17, 2018.
             Was an Initiate of Kikubaaqudgha.
             Slain by a bullfrog (7 damage)
             ... on level 5 of the Dungeon on Jan 18, 2018.
             The game lasted 02:19:39 (6769 turns).

cyrilmardrake the Purveyor of Pain (DsNe)           Turns: 6769, Time: 02:19:40

Health: -2/54      AC:  6    Str:  7 (9)  XL:     8   Next: 0%
Magic:  5/17       EV: 12    Int: 16 (18) God:    Kikubaaqudgha [......]
Gold:   161        SH:  0    Dex: 11 (14) Spells: 10/19 levels left

rFire    + . .     SeeInvis .   r - +4 quarterstaff (chaos)
rCold    . . .     Gourm    .   (shield currently unavailable)
rNeg     . . .     Faith    .   g - +0 robe
rPois    .         Spirit   .   (helmet restricted)
rElec    .         Reflect  .   s - +0 cloak
rCorr    .         Harm     .   (no gloves)
MR       .....     Rnd*Rage +   (no boots)
Stlth    +.........             (no amulet)
HPRegen  0.00/turn              (no ring)
MPRegen  0.15/turn              (no ring)

@: confused
A: antennae 1, slimy green scales 1, berserk 1, demonic guardian 1, fire
resistance 1, shaggy fur 1, inhibited regeneration
a: Renounce Religion


You were on level 5 of the Dungeon.
You worshipped Kikubaaqudgha.
Kikubaaqudgha was noncommittal.
You were not hungry.

You visited 2 branches of the dungeon, and saw 8 of its levels.

You collected 161 gold pieces.

Inventory:

Hand Weapons
 q - a +0 hand axe
 r - a +4 quarterstaff of chaos (weapon)
 t - a +0 mace
 y - a +1 short sword of speed
 D - a -2 hunting sling
 E - a +0 falchion
 F - a +0 shortbow
Missiles
 h - 36 arrows (quivered)
 i - 78 stones
 v - 4 tomahawks
 B - 31 sling bullets
Armour
 g - a +0 robe (worn)
 l - a +0 scale mail
 m - a +0 ring mail
 n - a +0 robe
 s - a +0 cloak (worn)
 u - a +0 leather armour
 w - a +0 robe
 x - a +0 robe
 A - a +0 plate armour
 C - a cursed +0 chain mail
Wands
 d - a wand of polymorph (5)
Scrolls
 k - a scroll of enchant armour
Potions
 p - a potion of might
Books
 b - a book of Necromancy

   Spells                             Type                      Level
   a - Pain                           Necromancy                   1
   b - Animate Skeleton               Necromancy                   1
   c - Vampiric Draining              Necromancy                   3
   d - Regeneration                   Charms/Necromancy            3
   e - Animate Dead                   Necromancy                   4
   f - Borgnjor's Vile Clutch         Necromancy/Earth             5
 j - a book of Callings

   Spells                             Type                      Level
   a - Summon Small Mammal            Summoning                    1
   b - Call Imp                       Summoning                    2
   c - Call Canine Familiar           Summoning                    3
   d - Summon Guardian Golem          Hexes/Summoning              3
   e - Summon Lightning Spire         Summoning/Air                4
   f - Summon Ice Beast               Ice/Summoning                4
Comestibles
 c - 3 rations


   Skills:
 - Level 1.2 Fighting
 + Level 2.3 Dodging
 + Level 2.1 Stealth
 * Level 6.1 Spellcasting
 * Level 8.0 Necromancy


You had 10 spell levels left.
You knew the following spells:

 Your Spells              Type           Power        Failure   Level  Hunger
a - Pain                  Necr           ####         1%          1    None
b - Animate Skeleton      Necr           N/A          1%          1    None
c - Vampiric Draining     Necr           ####......   1%          3    ##.....
d - Animate Dead          Necr           N/A          4%          4    ####...


Dungeon Overview and Level Annotations

Branches:
Dungeon (7/15)             Temple (1/1) D:5

Altars:
Ashenzari
Cheibriados
Dithmenos
Elyvilon
Fedhas
Gozag
Hepliaklqana
Kikubaaqudgha
Makhleb
Nemelex Xobeh
Okawaru
Qazlal
Ru
Sif Muna
Trog
Uskayaw
Vehumet
Wu Jian
Xom
Yredelemnul
Zin
The Shining One


Innate Abilities, Weirdness & Mutations

You have a pair of small antennae on your head.
You are partially covered in slimy green scales. (AC +2)
A weak demonic guardian rushes to your aid.
You tend to lose your temper in combat.
Your flesh is heat resistant. (rF+)
You are covered in fur. (AC +1)
You do not regenerate when monsters are visible.


Message History

The bullfrog barely misses you. A mysterious force pulls you upwards.
The hatch slams shut behind you.
Your summoned ally is left behind.
There isn't anything here!
Casting: Vampiric Draining
Confirm with . or Enter, or press ? or * to list all spells.
Aiming: Vampiric Draining
Press: ? - help, Shift-Dir - straight line, f - bullfrog
Aim: a bullfrog (moderately wounded)
The bullfrog is almost dead.
You feel life coursing into your body. The adder closely misses you.
The bullfrog hits you.
* * * LOW HITPOINT WARNING * * *
The adder bites you.
* * * LOW HITPOINT WARNING * * *
Okay, then.
You are confused.
You feel invigorated. The bullfrog hits you!
You die...
Kikubaaqudgha rasps: "You have failed me!
Welcome... death!"

.# # .#####..# #
.. ........# . .
.######.# # #.###
# .## #.... ## #..
######. .####.# ##
..###. .).##.#
##########.#
#.###.##Z .#.##.##
......S@F..#
#.#...... ##.....#
############
#.#.#.###
##.....#### #...##
##........# ####
##.## .......##.#
#.. #.#
.......##.###.##
#.#
.....#######...###
#)# .#.#.#
#E#...#E# #Z#
##.#.##
####...#### #Z#


You could see a bullfrog and an adder.

Vanquished Creatures
  A black bear (D:6)
  A bullfrog (D:7)
  A hound (D:5)
  Crazy Yiuf (D:2)
  Natasha (twice) (D:2)
  2 iguanas (D:6)
  2 orc wizards (D:3)
  2 worker ants
  A river rat (D:6)
  6 adders
  An adder skeleton (D:3)
  A worm (D:2)
  4 leopard geckos
  13 orcs
  6 bats
  A giant cockroach (D:5)
  4 goblins
  6 hobgoblins
  11 jackals
  4 quokkas
  3 ball pythons
  3 frilled lizards
  2 kobolds (D:2)
  6 rats
84 creatures vanquished.

Vanquished Creatures (collateral kills)
  Grinder (D:6)
  A wyvern (D:5)
  A phantom (D:4)
  2 ogres
  A scorpion (D:5)
  A crimson imp (D:5)
  Natasha (D:2)
  An ooze (D:4)
  A leopard gecko (D:6)
  3 orcs
  3 hobgoblins (D:2)
  A jackal (D:2)
  3 frilled lizards
  2 rats
22 creatures vanquished.

Grand Total: 106 creatures vanquished

Notes
Turn   | Place    | Note
-------+----------+-------------------------------------------
     0 | D:1      | cyrilmardrake the Demonspawn Necromancer began the quest for the Orb.
     0 | D:1      | Reached XP level 1. HP: 13/13 MP: 3/3
    43 | D:1      | Learned a level 1 spell: Animate Skeleton
   487 | D:1      | Gained mutation: A weak demonic guardian rushes to your aid. [demonic ancestry]
   487 | D:1      | Reached XP level 2. HP: 15/19 MP: 0/5
  1193 | D:1      | Reached skill level 5 in Necromancy
  1455 | D:2      | Reached XP level 3. HP: 13/24 MP: 1/6
  2416 | D:2      | Noticed Natasha
  2435 | D:2      | Killed Natasha
  2435 | D:2      | Gained mutation: You are partially covered in slimy green scales. (AC +2) [demonic ancestry]
  2435 | D:2      | Reached XP level 4. HP: 30/30 MP: 8/8
  2449 | D:2      | Noticed Natasha
  2453 | D:2      | Killed Natasha
  2632 | D:2      | Learned a level 3 spell: Vampiric Draining
  2637 | D:2      | Learned a level 4 spell: Animate Dead
  3077 | D:2      | Found a runed door.
  3081 | D:2      | Noticed Crazy Yiuf
  3086 | D:2      | Killed Crazy Yiuf
  3164 | D:2      | Noticed Natasha
  3177 | D:2      | Killed Natasha
  3177 | D:2      | Reached XP level 5. HP: 23/35 MP: 5/10
  3597 | D:3      | Reached skill level 1 in Fighting
  3832 | D:3      | Reached skill level 6 in Necromancy
  4140 | D:3      | You fall through a shaft!
  4239 | D:4      | Found a glowing drain.
  4494 | D:4      | Reached XP level 6. HP: 41/43 MP: 8/12
  4649 | D:4      | Found a blossoming altar of Fedhas.
  4992 | D:5      | Entered Level 5 of the Dungeon
  5157 | D:5      | Reached skill level 5 in Spellcasting
  5330 | D:5      | Found a stormy altar of Qazlal.
  5332 | D:5      | Noticed an air elemental
  5333 | D:5      | Noticed a fire elemental
  5333 | D:5      | Noticed a water elemental
  5347 | D:5      | Noticed a wyvern
  5352 | D:5      | Killed a wyvern
  5352 | D:5      | Reached skill level 7 in Necromancy
  5352 | D:5      | Gained mutation: You have a pair of small antennae on your head. [demonic ancestry]
  5352 | D:5      | Reached XP level 7. HP: 24/48 MP: 8/14
  5577 | D:5      | Found a staircase to the Ecumenical Temple.
  5616 | Temple   | Entered the Ecumenical Temple
  5864 | Temple   | Became a worshipper of Kikubaaqudgha
  6438 | D:6      | Noticed Grinder
  6439 | D:6      | Paralysed by Grinder for 3 turns
  6518 | D:6      | Killed Grinder
  6714 | D:6      | Reached skill level 8 in Necromancy
  6720 | D:6      | Gained mutation: You are covered in fur. (AC +1) [potion of mutation]
  6720 | D:6      | Gained mutation: You tend to lose your temper in combat. [potion of mutation]
  6720 | D:6      | Gained mutation: You do not regenerate when monsters are visible. [potion of mutation]
  6720 | D:6      | Gained mutation: Your flesh is heat resistant. (rF+) [potion of mutation]
  6730 | D:6      | Reached XP level 8. HP: 30/54 MP: 0/17
  6768 | D:5      | HP: 2/54 [bullfrog (6)]
  6769 | D:5      | Slain by a bullfrog

Skill      XL: |  1  2  3  4  5  6  7 |
---------------+----------------------+-----
Necromancy     | 5 6 7 8 |  8.0
Spellcasting   | 3 4 5 6 |  6.1
Fighting       | 1 |  1.2
Dodging        | 2 |  2.3
Stealth        | 2 |  2.1

Action                   |  1- 3 |  4- 6 |  7- 9 || total
-------------------------+-------+-------+-------++-------
Melee: Dagger            |    19 |       |       ||    19
       Quarterstaff      |       |    16 |     5 ||    21
       Hunting sling     |       |     4 |    24 ||    28
 Fire: Hunting sling     |       |     2 |     2 ||     4
Throw: Stone             |     6 |     2 |       ||     8
       Tomahawk          |       |     3 |       ||     3
 Cast: Pain              |    57 |    87 |    17 ||   161
       Animate Skeleton  |     8 |    22 |       ||    30
       Animate Dead      |       |     5 |     3 ||     8
       Vampiric Draining |       |     4 |    12 ||    16
Evoke: Wand              |       |       |     5 ||     5
  Use: Scroll            |     3 |     5 |     5 ||    13
       Potion            |     2 |     2 |     7 ||    11
  Eat: Chunk             |     3 |       |     1 ||     4
       Ration            |     1 |     2 |     2 ||     5
Armor: Ring mail         |    16 |    18 |       ||    34
       Skin              |    21 |       |       ||    21
       Leather armour    |       |     3 |       ||     3
       Robe              |       |     6 |    28 ||    34
Dodge: Dodged            |    17 |    44 |    91 ||   152
